 Dungeon Crawl Stone Soup version 0.30-a0-1053-gbd8d5ba0ad (webtiles) character file.

Game seed: 4896623835062927751

7 NinjaNoafa the Ducker (level 2, -3/23 HPs)
             Began as a Merfolk Gladiator on Apr 11, 2023.
             Succumbed to a kobold's poison
             ... on level 1 of the Dungeon.
             The game lasted 00:00:33 (80 turns).

NinjaNoafa the Ducker (Merfolk Gladiator)             Turns: 80, Time: 00:00:34

Health: -3/23      AC:  4    Str: 20    XL:     2   Next: 0%
Magic:  2/2        EV: 13    Int:  7    God:
Gold:   21         SH:  0    Dex: 15    Spells: 1/1 levels left

rFire   . . .      SeeInvis .    a - +0 rapier
rCold   . . .      Faith    .    (no shield)
rNeg    . . .      Spirit   .    b - +0 leather armour
rPois   .          Reflect  .    c - +0 helmet
rElec   .          Rampage  .    (no cloak)
rCorr   .                        (no gloves)
Will    .....                    (no boots)
Stlth   +                        (no amulet)
HPRegen 0.23/turn                g - +6 ring of strength
MPRegen 0.08/turn                (no ring)

@: lethally poisoned (-3 -> -38)
A: (nimble swimmer 2), mertail
a: no special abilities


You were on level 1 of the Dungeon.
You visited 1 branch of the dungeon, and saw 1 of its levels.

You collected 21 gold pieces.

Inventory:

Hand Weapons
 a - a +0 rapier (weapon)
Missiles
 d - 2 throwing nets (quivered)
Armour
 b - a +0 leather armour (worn)
 c - a +0 helmet (worn)
Jewellery
 g - a +6 ring of strength (left hand)
Scrolls
 f - a scroll of enchant weapon {unknown}


   Skills:
 + Level 2.4 Fighting
 - Level 3.8 Short Blades
 - Level 2.1 Throwing
 - Level 4.1 Dodging


You had one spell level left.
You didn't know any spells.
Your spell library was empty.

Dungeon Overview and Level Annotations

Branches:
Dungeon (1/15)

Altars:


Innate Abilities, Weirdness & Mutations

((You are very nimble when in or above water. (Stealth+, EV+, Speed+++)))
Your lower body shifts to a powerful aquatic tail in water.


Message History

The kobold hits you with a +1 dagger of venom.
You miss the bat.
You feel sick. The bat closely misses you. The kobold barely misses you.
You are too injured to fight recklessly!
You are too injured to fight recklessly!
You are too injured to fight recklessly!
You are too injured to fight recklessly!
You are too injured to fight recklessly!
You are too injured to fight recklessly!
You are too injured to fight recklessly!
You are too injured to fight recklessly!
Unknown command.
Unknown command.
You hit the kobold.
The kobold is moderately wounded.
You feel sick. The bat barely misses you.
The kobold hits you with a +1 dagger of venom.
* * * LOW HITPOINT WARNING * * *
You are lethally poisoned!
Unknown command.
Throw: javelin
Press: ? - help, Q - select action, (/) - cycle Shift-Dir - straight line, f - kobold
Aim: a kobold, wielding a +1 dagger of venom (moderately wounded, 53% to hit)
You throw a javelin. The javelin closely misses the kobold.
* * * LOW HITPOINT WARNING * * *
You feel very sick. The bat barely misses you.
The kobold hits you with a +1 dagger of venom.
* * * LOW HITPOINT WARNING * * *
You are more poisoned.
The kobold hits you but does no damage.
You are more poisoned.
You aren't carrying any potions.
Throw: 3 throwing nets
Press: ? - help, Q - select action Shift-Dir - straight line, f/p - kobold
Aim: a kobold, wielding a +1 dagger of venom (moderately wounded, 53% to hit)
You throw a throwing net. The throwing net hits the kobold.
The kobold is caught in the net!
The kobold is moderately wounded.
You die...

.#.$.. .#...>
#########......
.#..............
....$...b.......
................
................
###
..#.....@K.....(
..
..............##
## ..............#
# ####.
....####'######
#.#.... ... #..##
#####.#...# .
##..####.........#
##...##.###.....#
###.[#...#.....#
##..##.#..#†.#


You could see a bat and a kobold (caught).

Vanquished Creatures
  A dart slug (D:1)
  A ball python (D:1)
  A bat (D:1)
  2 rats (D:1)
5 creatures vanquished.

Notes
Turn   | Place    | Note
-------+----------+-------------------------------------------
     0 | D:1      | NinjaNoafa the Merfolk Gladiator began the quest for the
                  | Orb.
     0 | D:1      | Reached XP level 1. HP: 16/16 MP: 1/1
    70 | D:1      | Reached XP level 2. HP: 21/23 MP: 2/2
    80 | D:1      | Succumbed to a kobold's poison

Illustrated notes

Levels and vault maps discovered:
D:1:      dpeg_arrival_ternary, layout_basic,
          shapermc_ecumenical_altar_mp_vishouse

Action                     || total
---------------------------++-------
  Melee: Rapier            ||    13
  Throw: Javelin           ||     1
         Throwing net      ||     1
 Armour: Leather armour    ||     7
  Dodge: Dodged            ||    17

Table legend: (Time is in decaauts)
 A = Elapsed time spent in this place.
 B = Non-inter-level travel time spent in this place.
 C = Inter-level travel time spent in this place.
 D = Time resting spent in this place.
 E = Time spent auto-exploring this place.
 F = Levels seen in this place.
 G = Mean time per level.
                   A        B        C        D        E       F      G
               +--------+--------+--------+--------+--------+-----+--------+
         Total |     80 |     80 |      0 |      0 |     36 |   1 |   80.0 |
       Dungeon |     80 |     80 |      0 |      0 |     36 |   1 |   80.0 |
               +--------+--------+--------+--------+--------+-----+--------+

Top non-repeatable levels by time:
     D:1: 80 daAuts
